 Dungeon Crawl Stone Soup version 0.28-a0-2-g643f2454ad (webtiles) character file.

Game seed: 1663034772911667158

10534 robertstho the Grappler (level 11, -7/58 HPs)
             Began as a Vine Stalker Berserker on July 22, 2021.
             Was a High Priest of Trog.
             Mangled by a yak (8 damage)
             ... on level 10 of the Dungeon.
             The game lasted 00:13:45 (8913 turns).

robertstho the Grappler (Vine Stalker Berserker)    Turns: 8913, Time: 00:13:45

Health: -7/58      AC: 20    Str: 23    XL:     11   Next: 63%
Magic:  0/4        EV:  8    Int:  7    God:    Trog [*****.]
Gold:   229        SH:  0    Dex: 14    Spells: 10/10 levels left

rFire   . . .      SeeInvis .   H - +3 demon trident (antimagic)
rCold   + . .      Faith    .   (no shield)
rNeg    . . .      Spirit   +   D - +0 plate armour
rPois   .          Reflect  .   I - +0 hat {Will+}
rElec   .          Harm     .   w - +0 cloak
rCorr   .          Rampage  .   B - +0 pair of gloves
Will    +++..                   k - +2 pair of boots {Stlth+}
Stlth   ..........              (no amulet)
HPRegen 1.19/turn               a - ring of willpower
MPRegen 0.09/turn               y - ring of protection from cold

@: on berserk cooldown, slowed, very slow
A: fangs 3, regeneration 1, magic shield, antimagic bite, no potion heal 2
a: Renounce Religion, Berserk, Trog's Hand, Brothers in Arms


You were on level 10 of the Dungeon.
You worshipped Trog.
Trog was extremely pleased with you.
You visited 1 branch of the dungeon, and saw 10 of its levels.
You also visited: Ossuary.

You collected 491 gold pieces.
You spent 262 gold pieces at shops.

Inventory:

Hand Weapons
 H - a +3 antimagic demon trident (weapon)
Missiles
 d - 14 boomerangs of dispersal
 f - a curare-tipped dart (quivered)
Armour
 k - a +2 pair of boots of stealth (worn)
 w - a +0 cloak (worn)
 B - a +0 pair of gloves (worn)
 D - a +0 plate armour (worn)
 I - a +0 hat of willpower (worn)
Jewellery
 a - a ring of willpower (left hand)
 s - a ring of willpower
 y - a ring of protection from cold (right hand)
Wands
 z - a wand of iceblast (11)
 E - a wand of acid (8)
Scrolls
 b - 4 scrolls of enchant armour
 e - 6 scrolls of immolation
 g - 3 scrolls of fog
 i - a scroll of identify
 l - a scroll of blinking
 m - 5 scrolls of teleportation
 q - a scroll of summoning
 x - a scroll of holy word
 A - a scroll of fear
 C - a scroll of vulnerability
 J - a scroll of enchant weapon
Potions
 c - 3 potions of flight
 h - 5 potions of curing
 j - a potion of might
 o - 2 potions of ambrosia {unknown}
 p - a potion of magic {unknown}
 r - a potion of mutation {unknown}
 t - a potion of haste {unknown}
 u - a potion of cancellation {unknown}
 v - a potion of lignification {unknown}
 G - 2 potions of attraction {unknown}


   Skills:
 * Level 7.6 Fighting
 + Level 5.0 Polearms
 * Level 8.9 Armour
 + Level 3.8 Dodging
 + Level 2.9 Stealth
 + Level 10.6 Unarmed Combat


You had 10 spell levels left.
You didn't know any spells.
Your spell library was empty.

Dungeon Overview and Level Annotations

Branches:
Dungeon (10/15)            Temple (0/1) D:4            Lair (0/6) D:9
Ossuary (visited)
    Orc: D:9-12

Altars:
Ashenzari
Cheibriados
Dithmenos
Kikubaaqudgha
Makhleb
Okawaru
Sif Muna
Trog
Vehumet
Xom
Yredelemnul
The Shining One

Shops:
D:7 =   D:9 ?   D:10 =((


Innate Abilities, Weirdness & Mutations

You have razor-sharp teeth.
Your natural rate of healing is unusually fast.
When hurt, damage is shared between your health and your magic reserves.
Your bite disrupts and absorbs the magic of your enemies.
Potions cannot restore your health.


Message History

You hit the yak. Your bite misses the yak.
The yak is lightly wounded.
The yak gores you but does no damage. x3
You puncture the yak!
The yak is heavily wounded.
The yak barely misses you. x2; The yak gores you. x2
The yak barely misses you. The yak gores you!
You are too injured to fight recklessly!
A red film seems to cover your vision as you go berserk!
You feel yourself moving faster!
You feel mighty! The yak barely misses you. The yak gores you! x2
* * * LOW HITPOINT WARNING * * *
The yak gores you but does no damage.
You barely miss the yak.
The yak is heavily wounded.
The yak gores you!
* * * LOW HITPOINT WARNING * * *
The yak gores you.
* * * LOW HITPOINT WARNING * * *
You hit the yak. You bite the yak!
You kill the yak!
Trog accepts your kill. The yak completely misses you.
The yak gores you but does no damage.
Your Polearms skill increases to level 5!
You hit the yak. You bite the yak. You drain its power.
You feel invigorated.
The yak is moderately wounded.
The yak gores you but does no damage. The yak closely misses you.
The yak gores you!
* * * LOW HITPOINT WARNING * * *
You feel a strong urge to attack something.
You feel your anger nearly subside.
You are no longer berserk.
You are exhausted.
You feel yourself slow down.
You fail to use your ability.
The yak gores you but does no damage.
Your ogre goes berserk!
The yak gores you!
* * * LOW HITPOINT WARNING * * *
The yak gores you!
You die...

....###.....###.....#
...........†........#
.....#####..........#
.)............##....#
......######..##....#
......# #..##....#
####..#
#..##....########
#..#
#..##O..........#
#..#
#..##@..........#
####..######
#YY...).....#
............
#Y..........#
####..####..
#.).........# #..#
#...........# ####..#
#....(......# ......#
#..(...†..........#
.[....#
#.................#
......#
#....###...######.#


You could see 3 yaks and a friendly ogre (summoned, berserk).

Vanquished Creatures
  Gastronok (D:8)
  A boulder beetle (D:7)
  3 two-headed ogres
  A komodo dragon (D:9)
  A kobold demonologist (D:9)
  A hornet (D:10)
  10 yaks
  2 wyverns (D:9)
  Duvessa (D:7)
  4 orc warriors
  A black bear (D:5)
  2 ice beasts (D:7)
  4 ogres
  A sky beast (D:5)
  2 necrophages
  2 centaurs
  4 bullfrogs (D:8)
  2 kobold brigands
  4 scorpions
  A water moccasin zombie (D:5)
  Dowan (D:7)
  A water moccasin skeleton (D:5)
  6 killer bees (D:9)
  3 wights (D:7)
  3 howler monkeys (D:9)
  2 bullfrog skeletons (D:5)
  A jelly (D:5)
  6 orc priests
  2 hounds
  3 human zombies (Ossuary)
  A centaur skeleton (D:5)
  3 iguanas
  13 orc wizards
  A hound skeleton (D:3)
  6 mummies (Ossuary)
  8 gnolls
  6 adders
  2 shadow imps
  A white imp (D:7)
  An ufetubus (D:5)
  4 worms
  3 dart slugs
  44 orcs
  4 bats
  6 endoplasms
  3 giant cockroaches
  A gnoll zombie (Ossuary)
  8 goblins
  8 hobgoblins
  4 jackals (D:3)
  2 quokkas
  5 ball pythons (D:2)
  A ball python zombie (D:3)
  8 frilled lizards
  2 hobgoblin zombies (Ossuary)
  2 jackal skeletons
  13 kobolds
  2 orc zombies (Ossuary)
  A quokka zombie (D:3)
  6 rats
245 creatures vanquished.

Vanquished Creatures (others)
  13 plants
  14 toadstools (D:1)
27 creatures vanquished.

Grand Total: 272 creatures vanquished

Notes
Turn   | Place    | Note
-------+----------+-------------------------------------------
     0 | D:1      | robertstho the Vine Stalker Berserker began the quest for
                  | the Orb.
     0 | D:1      | Reached XP level 1. HP: 11/11 MP: 2/2
   428 | D:1      | Reached XP level 2. HP: 16/16 MP: 1/3
  1222 | D:2      | Reached XP level 3. HP: 10/20 MP: 2/4
  1222 | D:2      | Reached ** piety under Trog
  1855 | D:2      | Found a faded altar of an unknown god.
  1880 | D:2      | Found a shimmering blue altar of Sif Muna.
  1993 | D:2      | Gained mutation: Your natural rate of healing is unusually
                  | fast. [Vine Stalker growth]
  1993 | D:2      | Reached XP level 4. HP: 24/24 MP: 5/5
  2421 | D:3      | Reached XP level 5. HP: 28/28 MP: 4/6
  2493 | D:3      | Noticed a necrophage
  2511 | D:3      | Killed a necrophage
  2512 | D:3      | Reached skill level 1 in Stealth
  2512 | D:3      | Reached skill level 4 in Unarmed Combat
  2608 | D:3      | Found an ancient bone altar of Kikubaaqudgha.
  2613 | D:3      | Found a radiant altar of Vehumet.
  2619 | D:3      | Found a shimmering blue altar of Sif Muna.
  2955 | D:4      | Found a staircase to the Ecumenical Temple.
  2962 | D:4      | Reached XP level 6. HP: 29/33 MP: 5/7
  2988 | D:4      | Found a burning altar of Makhleb.
  2996 | D:4      | Found a glowing golden altar of the Shining One.
  3023 | D:4      | Reached skill level 5 in Unarmed Combat
  3028 | D:4      | Reached *** piety under Trog
  3052 | D:4      | Found a sand-covered staircase.
  3068 | Ossuary  | Entered an ossuary
  3139 | Ossuary  | Reached XP level 7. HP: 37/37 MP: 8/8
  3308 | D:4      | Found a basalt altar of Yredelemnul.
  3326 | D:4      | Found an iron altar of Okawaru.
  3647 | D:4      | Reached skill level 6 in Unarmed Combat
  4065 | D:5      | Entered Level 5 of the Dungeon
  4144 | D:5      | Gained mutation: You have razor-sharp teeth. [Vine Stalker
                  | growth]
  4144 | D:5      | Reached XP level 8. HP: 42/42 MP: 9/9
  4541 | D:5      | Reached skill level 7 in Unarmed Combat
  4609 | D:5      | Reached **** piety under Trog
  5046 | D:5      | Reached skill level 5 in Fighting
  5120 | D:5      | Reached XP level 9. HP: 45/47 MP: 8/10
  5143 | D:5      | Reached skill level 5 in Armour
  5414 | D:6      | Reached skill level 8 in Unarmed Combat
  5968 | D:7      | Found Cenutuq's Jewellery Shop.
  6059 | D:7      | Noticed Duvessa
  6059 | D:7      | Noticed Dowan
  6067 | D:7      | Killed Dowan
  6074 | D:7      | Killed Duvessa
  6306 | D:7      | Noticed a boulder beetle
  6406 | D:7      | Killed a boulder beetle
  6407 | D:7      | Reached skill level 9 in Unarmed Combat
  6407 | D:7      | Reached XP level 10. HP: 53/53 MP: 11/11
  6923 | D:8      | Reached ***** piety under Trog
  6957 | D:8      | Found a bloodstained altar of Trog.
  6993 | D:8      | Found a shadowy altar of Dithmenos.
  6996 | D:8      | Found a shimmering altar of Xom.
  6999 | D:8      | Found a snail-covered altar of Cheibriados.
  7070 | D:8      | Received a gift from Trog
  7174 | D:8      | Noticed Gastronok
  7184 | D:8      | Killed Gastronok
  7185 | D:8      | Reached skill level 1 in Polearms
  7185 | D:8      | Reached skill level 10 in Unarmed Combat
  7576 | D:9      | Noticed a two-headed ogre
  7583 | D:9      | Killed a two-headed ogre
  7584 | D:9      | Reached XP level 11. HP: 58/58 MP: 4/12
  7646 | D:9      | Found a staircase to the Lair.
  7825 | D:9      | Found Enei's Magic Scroll Boutique.
  7836 | D:9      | Bought a scroll of identify for 30 gold pieces
  7836 | D:9      | Bought a scroll of identify for 30 gold pieces
  7836 | D:9      | Bought a scroll of identify for 30 gold pieces
  7836 | D:9      | Bought a scroll of identify for 30 gold pieces
  7836 | D:9      | Bought a scroll of identify for 30 gold pieces
  7836 | D:9      | Bought a scroll of enchant weapon for 112 gold pieces
  8634 | D:10     | Entered Level 10 of the Dungeon
  8634 | D:10     | Found Luiwikur's Jewellery Shop.
  8634 | D:10     | Found Ysotasoo's Antique Weapon Shoppe.
  8684 | D:10     | Found Qotac's Antique Weapon Shop.
  8765 | D:10     | Noticed a two-headed ogre
  8777 | D:10     | Killed a two-headed ogre
  8830 | D:10     | Found a broken altar of Ashenzari.
  8842 | D:10     | Paralysed by a hornet for 2 turns
  8865 | D:10     | Noticed a two-headed ogre
  8871 | D:10     | Killed a two-headed ogre
  8906 | D:10     | Reached skill level 5 in Polearms
  8913 | D:10     | HP: 1/58 [yak (11)]
  8913 | D:10     | Mangled by a yak

Illustrated notes

Levels and vault maps discovered:
D:1:      nagdon_arrival_zigzag_paths, layout_loops_ring, serial_rivers,
          chequers_serial_rivers_small_3, chequers_serial_rivers_small_b,
          chequers_serial_rivers_micro_c, chequers_serial_rivers_micro_a,
          chequers_serial_rivers_micro_e, minmay_misc_feat_x
D:2:      layout_rooms, basic_altar, hellmonk_ecumenical_altar_inner_sanctum,
          hangedman_abyss_or_decor_lesser_grid, minmay_splitting_lines,
          minmay_divided_ellipse
D:3:      layout_rooms, grunt_temple_overflow_magic_moments, serial_undead,
          serial_undead_e, serial_undead_a, serial_undead_b, serial_undead_c
D:4:      layout_loops_corners, mainiacjoe_overflow_boulevard,
          grunt_temple_overflow_open, minmay_temple_entry_glassed_door,
          nicolae_ossuary_entry_monument
D:5:      kb_forest_paths, layout_basic, minmay_crystal_water
D:6:      layout_loops_cross
D:7:      layout_rooms, serial_shops, shop, hangedman_decor_push, uniq_duvessa
D:8:      layout_loops_ring, grunt_temple_overflow_cloverleaf,
          minmay_misc_feat_chi, minmay_liquid_box, uniq_gastronok
D:9:      layout_long_grid, david_lair_shrubbed, serial_shops,
          nicolae_shop_window_shopping, minmay_unpleasant_kobolds
D:10:     layout_small_grid, cheibrodos_ashenzari_chains, serial_shops,
          nicolae_shop_temple_entry_statues_fountains, nicolae_shop_waterfront,
          nicolae_shop_temple_entry_statues_fountains, shop,
          nicolae_stop_n_shop_1

Skill      XL: |  1  2  3  4  5  6  7  8  9 10 11 |
---------------+----------------------------------+-----
Fighting       | 3 4 5 7 |  7.6
Armour         | 2 3 4 6 8 |  8.9
Dodging        | 2 3 |  3.8
Stealth        | 1 2 |  2.9
Unarmed Combat | 4 5 6 7 9 10 | 10.6
Polearms       | 2 5 |  5.0

Action                   |  1- 3 |  4- 6 |  7- 9 | 10-12 || total
-------------------------+-------+-------+-------+-------++-------
Melee: Unarmed           |    86 |   145 |   323 |    56 ||   610
       Bite              |    19 |    44 |   118 |    78 ||   259
       Punch             |     1 |     2 |    13 |    10 ||    26
       Demon trident     |       |       |       |   188 ||   188
Invok: Berserk           |     1 |     3 |     8 |     9 ||    21
       Brothers in Arms  |       |       |       |     1 ||     1
  Use: Scroll            |       |     4 |     4 |     8 ||    16
 Stab: Sleeping          |     2 |       |       |       ||     2
Armor: Animal skin       |    17 |    10 |       |       ||    27
       Ring mail         |       |    18 |       |       ||    18
       Scale mail        |       |    19 |    36 |       ||    55
       Chain mail        |       |       |    54 |       ||    54
       Plate armour      |       |       |    27 |   209 ||   236
Dodge: Dodged            |    41 |    87 |   128 |   164 ||   420

Table legend: (Time is in decaauts)
 A = Elapsed time spent in this place.
 B = Non-inter-level travel time spent in this place.
 C = Inter-level travel time spent in this place.
 D = Time resting spent in this place.
 E = Time spent auto-exploring this place.
 F = Levels seen in this place.
 G = Mean time per level.
                   A        B        C        D        E       F      G
               +--------+--------+--------+--------+--------+-----+--------+
         Total |   9089 |   8704 |    385 |    481 |   6505 |  11 |  826.3 |
       Dungeon |   8869 |   8484 |    385 |    481 |   6414 |  10 |  886.9 |
       Ossuary |    220 |    220 |      0 |      0 |     91 |   1 |  220.0 |
               +--------+--------+--------+--------+--------+-----+--------+

Top non-repeatable levels by time:
     D:1: 1229 daAuts
     D:5: 1180 daAuts
     D:2: 1163 daAuts
     D:9: 1141 daAuts
     D:4: 1051 daAuts
     D:8: 922 daAuts
     D:6: 779 daAuts
     D:7: 651 daAuts
     D:3: 444 daAuts
    D:10: 304 daAuts
 Ossuary: 220 daAuts
